 Dungeon Crawl Stone Soup version 0.19.5 (webtiles) character file.

736 Lizzreth the Carver (level 7, -9/57 HPs)
             Began as a Minotaur Chaos Knight on Mar 15, 2017.
             Mangled by an orc warrior
             ... wielding a +0 halberd
              (16 damage)
             ... on level 6 of the Dungeon.
             The game lasted 00:20:18 (3324 turns).

Lizzreth the Carver (Minotaur Chaos Knight)         Turns: 3324, Time: 00:20:21

Health: -9/57      AC:  8    Str: 16      XL:     7   Next: 46%
Magic:  6/6        EV: 11    Int: 12 (13) God:    Xom [....*.]
Gold:   280        SH:  0    Dex:  7 (8)  Spells: 0 memorised, 6 levels left

rFire  . . .     SeeInvis .     q - +3 scimitar "Impslayer" {chaos, Int+4 Dex-4 Stlth+}
rCold  . . .     Gourm    +     b - +2 leather armour
rNeg   + . .     Faith    .     (no shield)
rPois  .         Spirit   .     (helmet restricted)
rElec  .         Reflect  .     o - +0 cloak
rCorr  .         Harm     .     p - +1 pair of gloves
MR     .....                    (no boots)
Stlth  ++........               l - amulet of the gourmand
                                (no ring)
                                k - ring of positive energy

@: no status effects
A: retaliatory headbutt, hooves 1, horns 2, deterioration 1, subdued magic 1
a: Renounce Religion


You were on level 6 of the Dungeon.
You worshipped Xom.
You were a beloved toy of Xom.
You were not hungry.

You visited 1 branch of the dungeon, and saw 6 of its levels.

You collected 280 gold pieces.

Inventory:

Hand Weapons
 a - a +0 falchion of chaos
 q - the +3 scimitar "Impslayer" (weapon) {chaos, Int+4 Dex-4 Stlth+}
   (Xom gifted it to you on level 5 of the Dungeon)

   Each time it hits an enemy it has a different, random effect.
   It affects your intelligence (+4).
   It affects your dexterity (-4).
   It makes you more stealthy.
Armour
 b - a +2 leather armour (worn)
 m - a +0 scale mail
 o - a +0 cloak (worn)
 p - a +1 pair of gloves (worn)
Jewellery
 k - a ring of positive energy (left hand)
 l - an amulet of the gourmand (around neck)
Scrolls
 g - a scroll of enchant armour {unknown}
 h - 3 scrolls of teleportation
 i - 4 scrolls of identify
Potions
 d - 2 potions of curing
 e - a potion of brilliance
 r - a potion of mutation {unknown}
Comestibles
 c - 3 bread rations
 f - 2 meat rations
 j - a slice of pizza
 n - a royal jelly


   Skills:
 - Level 3.6 Fighting
 + Level 10.5 Long Blades
 - Level 2.4 Armour
 - Level 1.1 Dodging


You had 6 spell levels left.
You didn't know any spells.

Dungeon Overview and Level Annotations

Branches:
Dungeon (6/15)
 Temple: D:4-7

Altars:
Ru
Xom
The Shining One


Innate Abilities, Weirdness & Mutations

You reflexively headbutt those who attack you in melee.
You have a pair of horns on your head.
You have large cloven feet.
Your body sometimes deteriorates upon taking damage.
Your spells are a little easier to cast, but a little less powerful.


Message History

You closely miss the orc warrior.
The orc warrior is lightly wounded.
The orc warrior closely misses you. You furiously retaliate!
You headbutt the orc warrior, but do no damage.
You riposte.
You barely miss the orc warrior.
The orc warrior is lightly wounded.
The orc misses you.
You closely miss the orc warrior.
The orc warrior is lightly wounded.
The orc warrior completely misses you. The orc misses you.
Unknown command.
You hit the orc warrior.
You headbutt the orc warrior, but do no damage.
The orc warrior is moderately wounded.
The orc warrior hits you with a halberd!
* * * LOW HITPOINT WARNING * * *
Your body deteriorates!
You feel dopey.
The orc warrior hits you with a halberd!
You die...
Xom titters!

#..........#
#..........#
#..........#
#..........#
#..........#
#..........#
#...).o....##
#....@o......
#.<..........
######.......
...!...
.......
>..#### ...#
####


You could see an orc warrior (berserk) and an orc.

Vanquished Creatures
  Sigmund (D:5)
  A phantom (D:4)
  2 scorpions
  A howler monkey (D:3)
  2 crimson imps (D:5)
  Crazy Yiuf (D:2)
  An iguana (D:5)
  A worker ant (D:5)
  5 gnolls (D:3)
  5 adders
  An adder skeleton (D:4)
  4 worms
  3 dart slugs
  2 leopard geckos
  3 orcs (D:6)
  A ball python (D:3)
  11 bats
  5 giant cockroaches
  2 goblins (D:2)
  3 hobgoblins
  6 jackals (D:1)
  4 kobolds
  2 quokkas
  6 frilled lizards
  8 rats
  A fire vortex (D:3)
82 creatures vanquished.

Vanquished Creatures (collateral kills)
  A kobold (D:3)
1 creature vanquished.

Vanquished Creatures (others)
  A worker ant (D:4)
  A fire vortex (D:3)
  4 toadstools (D:1)
6 creatures vanquished.

Grand Total: 89 creatures vanquished

Notes
Turn   | Place    | Note
-------+----------+-------------------------------------------
     0 | D:1      | Lizzreth the Minotaur Chaos Knight began the quest for the Orb.
     0 | D:1      | Reached XP level 1. HP: 19/19 MP: 0/0
    18 | D:1      | XOM: divination: detect items
    33 | D:1      | Reached skill level 4 in Long Blades
    70 | D:1      | Reached XP level 2. HP: 23/26 MP: 1/1
   333 | D:1      | Reached skill level 5 in Long Blades
   340 | D:1      | Reached XP level 3. HP: 30/31 MP: 2/2
   439 | D:1      | You fall through a shaft!
   808 | D:2      | Found a runed door.
   812 | D:2      | Noticed Crazy Yiuf
   812 | D:2      | XOM: divination: magic mapping
   817 | D:2      | Killed Crazy Yiuf
   817 | D:2      | Reached skill level 6 in Long Blades
   817 | D:2      | Reached XP level 4. HP: 36/39 MP: 3/3
   875 | D:2      | XOM: harmless Erth miscast
   940 | D:2      | XOM: god gift: scroll labeled CICSED FEUCUMU {god gift}
   990 | D:2      | XOM: give mutations
   990 | D:2      | Gained mutation: Your body sometimes deteriorates upon taking damage. [Xom's mischief]
   990 | D:2      | Gained mutation: Your spells are a little easier to cast, but a little less powerful. [Xom's mischief]
  1078 | D:2      | XOM: severe Tmut miscast
  1201 | D:2      | XOM: scenery: create altars
  1226 | D:2      | XOM: mild Pois miscast
  1354 | D:3      | XOM: snakes to sticks
  1361 | D:3      | Reached skill level 7 in Long Blades
  1361 | D:3      | Reached XP level 5. HP: 30/45 MP: 4/4
  1515 | D:3      | XOM: confusion
  1520 | D:3      | XOM: cast spell 'Call Canine Familiar'
  1761 | D:3      | XOM: mild Fire miscast
  1862 | D:4      | Noticed a phantom
  1880 | D:4      | Killed a phantom
  1880 | D:4      | Reached skill level 8 in Long Blades
  1880 | D:4      | Reached XP level 6. HP: 51/51 MP: 5/5
  2005 | D:4      | XOM: give mutation
  2005 | D:4      | Gained mutation: You have large cloven feet. [Xom's grace]
  2193 | D:4      | XOM: cloud trail
  2249 | D:4      | Found a sacrificial altar of Ru.
  2431 | D:5      | Entered Level 5 of the Dungeon
  2488 | D:5      | Reached skill level 9 in Long Blades
  2574 | D:5      | XOM: god gift: steaming scimitar {god gift}
  2575 | D:5      | Got a steaming scimitar {god gift}
  2576 | D:5      | Identified the +3 scimitar "Impslayer" {chaos, Int+4 Dex-4 Stlth+} (Xom gifted it to you on level 5 of the Dungeon)
  2778 | D:5      | XOM: medium Conj miscast
  2836 | D:5      | XOM: enchant monster (good)
  2868 | D:5      | XOM: cleaving
  2872 | D:5      | Reached XP level 7. HP: 45/57 MP: 6/6
  2952 | D:5      | Noticed Sigmund
  2961 | D:5      | Killed Sigmund
  2961 | D:5      | Reached skill level 10 in Long Blades
  2978 | D:5      | Found a glowing golden altar of the Shining One.
  3324 | D:6      | Mangled by an orc warrior

Skill      XL: |  1  2  3  4  5  6  7 |
---------------+----------------------+-----
Long Blades    | 4 5 6 7 8 9 10 | 10.5
Fighting       | |  3.6
Armour         | |  2.4
Dodging        | |  1.1

Action                   |  1- 3 |  4- 6 |  7- 9 || total
-------------------------+-------+-------+-------++-------
Melee: Falchion          |    74 |    98 |       ||   172
       Headbutt          |    14 |    24 |     1 ||    39
       Unarmed           |       |     8 |       ||     8
       Scimitar          |       |    14 |    12 ||    26
       Kick              |       |     6 |       ||     6
  Use: Scroll            |       |     7 |       ||     7
       Potion            |       |     5 |       ||     5
 Stab: Sleeping          |       |     2 |       ||     2
       Confused          |       |     1 |       ||     1
       Paralysed         |       |     3 |       ||     3
       Distracted        |       |     1 |       ||     1
  Eat: Bread ration      |       |     1 |       ||     1
       Chunk             |       |     1 |     4 ||     5
Armor: Leather armour    |    29 |    31 |     3 ||    63
       Skin              |       |     1 |       ||     1
Dodge: Dodged            |    43 |    66 |     8 ||   117
       Rpst.: Falchion   |     8 |    10 |       ||    18
       Scimitar          |       |     2 |     1 ||     3
